 Dungeon Crawl Stone Soup version 0.31.0-11-ge490571c62 (webtiles) character file.

Game seed: 18040710894613592670

79 jagang the Trooper (level 4, -1/37 HPs)
             Began as a Human Monk on Feb 8, 2024.
             Slain by Eustachio
             ... wielding a +0 falchion
              (7 damage)
             ... on level 4 of the Dungeon.
             The game lasted 00:04:13 (1700 turns).

jagang the Trooper (Human Monk)                     Turns: 1700, Time: 00:04:13

Health: -1/37      AC:  7    Str: 12    XL:     4   Next: 37%
Magic:  4/4        EV:  9    Int: 10    God:
Gold:   14         SH:  4    Dex: 17    Spells: 3/3 levels left

rFire   . . .        g - +0 long sword
rCold   . . .        f - +0 buckler
rNeg    . . .        i - +0 scale mail
rPois   .            (no helmet)
rElec   .            b - +0 cloak
rCorr   .            (no gloves)
SInv    .            (no boots)
Will    .....        (no amulet) Stlth
                     (no ring)
HPRegen 0.26/turn    (no ring)
MPRegen 0.09/turn

%: no passive effects
@: no status effects
A: explore regen
a: no special abilities


You were on level 4 of the Dungeon.
You visited 1 branch of the dungeon, and saw 3 of its levels.

You collected 14 gold pieces.

Inventory:

Hand Weapons
 g - a +0 long sword (weapon)
Armour
 b - a +0 cloak (worn)
 d - an orb of light
 f - a +0 buckler (worn)
 i - a +0 scale mail (worn)
Scrolls
 a - a scroll of noise
 e - 3 scrolls of identify
Potions
 c - 2 potions of ambrosia


   Skills:
 * Level 3.8 Fighting
 * Level 3.8 Long Blades
 + Level 1.3 Armour
 - Level 3.0 Dodging
 + Level 1.0 Shields


You had 3 spell levels left.
You didn't know any spells.
Your spell library contained the following spells:

 Spells                   Type           Power      Damage    Failure   Level
 Inner Flame              Hex/Fire       0%         N/A       100%        3
 Irradiate                Conj/Alch      0%         3d11      100%        5
 Ignition                 Fire           0%         3d3       100%        8


Dungeon Overview and Level Annotations

Branches:
Dungeon (4/15)
 Temple: D:4-7

Altars:
Sif Muna

Annotations:
D:4 Eustachio


Innate Abilities, Weirdness & Mutations

You regain HP and MP as you explore.


Message History

* * * LOW HITPOINT WARNING * * *
The quasit claws you but does no damage.
The quasit closely misses you.
The river rat bites you but does no damage.
The shadow imp hits you.
* * * LOW HITPOINT WARNING * * *
You slash Eustachio!
Eustachio is moderately wounded.
The bat hits you but does no damage.
The quasit bites you but does no damage.
The quasit claws you but does no damage.
The quasit barely misses you.
Eustachio mumbles some strange words.
Eustachio blinks!
You block the river rat's attack. You block the quasit's attack.
The quasit closely misses you.
The quasit claws you but does no damage.
The shadow imp gestures at you.
You barely resist. The bat hits you but does no damage.
The bat barely misses you. You block the ufetubus's attack.
The ufetubus closely misses you. The bat hits you but does no damage.
The quasit bites you.
* * * LOW HITPOINT WARNING * * *
You block the quasit's attack. The quasit barely misses you.
The ufetubus hits you but does no damage. x2
The bat hits you but does no damage. The bat barely misses you.
The ufetubus hits you but does no damage.
You block the ufetubus's attack. You block the quasit's attack.
The quasit claws you but does no damage. x2
As you read the scroll labelled MEOCOT MAHU, it crumbles to dust.
It is a scroll of identify.
a - a scroll of noise The bat barely misses you.
You block the bat's attack. The ufetubus slips past you!
The ufetubus hits you but does no damage.
You block the ufetubus's attack. The quasit misses you.
The quasit barely misses you.
The quasit claws you but does no damage.
Eustachio hits you with a +0 falchion!
You die...
Eustachio says, "Such is the fate of all honourless rascals."

##†.......# ...........
##...†.....# ...##.....(. ##
#..........## #..# ######..
.###...##......# #...# #..
......###......## #<..# #..
#....## #.......##.r.# ##..
###..## #.......#....# ##..#
#...# #......5r...# ##...#
#...###.....b5@...# ###....#
##...##......5b@.#######......#
##...##........?...............
##.....#........................
.......................##........
....###............########......
#### ####........## ##.....
###.....## ##.... ##....## ##...


You could see Eustachio, a quasit (summoned), a river rat (summoned), a shadow
imp (summoned), an ufetubus (summoned), a quokka (summoned) and 2 bats.

Vanquished Creatures
  A sleepcap (D:4)
  An adder (D:2)
  2 dart slugs (D:1)
  3 endoplasms
  2 giant cockroaches (D:1)
  4 goblins (D:1)
  2 hobgoblins
  5 jackals
  A quokka (D:4)
  7 ball pythons
  3 bats (D:1)
  2 frilled lizards (D:1)
  3 kobolds
  5 rats (D:1)
41 creatures vanquished.

Notes
Turn   | Place    | Note
-------+----------+-------------------------------------------
     0 | D:1      | jagang the Human Monk began the quest for the Orb.
     0 | D:1      | Reached XP level 1. HP: 18/18 MP: 1/1
   175 | D:1      | Reached XP level 2. HP: 22/24 MP: 2/2
   457 | D:1      | Reached XP level 3. HP: 25/29 MP: 3/3
   675 | D:1      | Reached skill level 1 in Armour
   878 | D:2      | HP: 1/29 [poisoned by an adder]
  1059 | D:2      | You fall into a shaft and drop 2 floors!
  1159 | D:4      | Found a shimmering blue altar of Sif Muna.
  1401 | D:4      | Reached skill level 1 in Shields
  1401 | D:4      | Reached XP level 4. HP: 21/37 MP: 4/4
  1683 | D:4      | Noticed Eustachio
  1700 | D:4      | Slain by Eustachio

Illustrated notes

Levels and vault maps discovered:
D:1:      lightli_arrival_lavapool, layout_loops_ring, serial_bayou_crossing
D:2:      layout_loops_ring, grunt_ministairs_9, minmay_shallow_snake_nest
D:4:      layout_layer_cave, led_sif_book, dreamdust_princess_corridor,
          uniq_edmund, uniq_eustachio

Skill      XL: |  1  2  3 |
---------------+----------+-----
Armour         | 1 |  1.3
Shields        | 1 |  1.0
Fighting       | |  3.8
Long Blades    | |  3.8
Dodging        | |  3.0

Action                     |  1- 3 |  4- 6 || total
---------------------------+-------+-------++-------
  Melee: Falchion          |    32 |       ||    32
         Long sword        |    46 |    31 ||    77
    Use: Scroll            |       |     1 ||     1
 Armour: Robe              |    14 |       ||    14
         Leather armour    |    12 |       ||    12
         Skin              |     2 |       ||     2
         Scale mail        |    18 |    62 ||    80
  Dodge: Dodged            |    52 |    35 ||    87
  Block: Buckler           |     8 |    21 ||    29
